woodfighter, chaotic female human Barbarian --------------- |.............| |.........{...| #..............| #|..)%..........######### #-------|------- # # ### ### # # # # ### ### -- # # # ##.).% # --.------# ------------ # |%@G # |.<.....|% |..........| ### |)TT -------- # |..%....|############...........| # |....... # |.......|# |..........-###### |....... # |.......+# ------------ |.>.....|# --+------# |.......-# # --------- woodfighter the Brigand Experience level: 12 Strength: 18/06 Dexterity: 18 Constitution: 18 Intelligence: 7 Wisdom: 8 Charisma: 6 Health: 0(113) Energy: 33(33) Def: 16 Gold: 57 Moves: 21730 Dungeon seed: NCjUhwZGUsgEaMJg Game ID: woodfighter_1446379474 Your Inventory: Coins $ - 57 gold pieces Amulets F - an uncursed amulet of reflection (being worn) Weapons a - a thoroughly rusty corroded +0 battle-axe (weapon in hands) k - 10 +0 daggers (in quiver) Armor e - an uncursed +0 pair of jumping boots (being worn) n - an uncursed +0 dwarvish mithril-coat (being worn) r - an uncursed rusty +0 dwarvish iron helm (being worn) A - an uncursed rotted +2 dwarvish cloak (being worn) Comestibles b - 5 uncursed food rations j - an uncursed C-ration m - an uncursed K-ration w - an uncursed candy bar S - an uncursed pizza X - 3 uncursed tripe rations Z - 5 uncursed lizard corpses Rings o - an uncursed ring of regeneration (on left hand) Wands l - a wand of lightning (0:3) u - a wand of magic missile (0:5) C - a wand of striking (0:4) E - a wand of digging (0:4) H - a wand of magic missile (0:5) O - a wand of sleep (0:3) T - a wand of fire (0:7) Tools c - an uncursed lock pick d - a +0 unicorn horn p - an uncursed magic lamp s - an uncursed sack t - an uncursed blindfold D - a +0 unicorn horn L - an uncursed oil lamp (0:1410) Gems q - an uncursed luckstone y - an uncursed emerald z - an uncursed touchstone N - an uncursed worthless piece of white glass Contents of the sack: 2146 gold pieces an uncursed +0 mummy wrapping an uncursed lizard corpse an uncursed scroll of identify a cursed scroll of punishment 2 uncursed scrolls of teleportation an uncursed spellbook of detect treasure 2 uncursed potions of invisibility an uncursed potion of levitation an uncursed potion of restore ability a cursed ring of shock resistance an uncursed ring of slow digestion an uncursed ring of stealth an uncursed ring of teleport control a +0 pick-axe Spells and supernatural/magical abilities: Name Level Category Fail Memory W - pray for help -- divine ? -- Y - supernatural jump -- ability ? -- Your skills at the end: Miscellaneous Skills bare handed combat [Basic] Weapon Skills axe [Master] short sword [Basic] Spellcasting Skills Final Attributes: You were piously aligned. You were poison resistant. You saw invisible. You were telepathic. You were invisible to others. You could jump. You regenerated. You were protected. You were fast. You had reflection. You were very lucky. You had extra luck. Bad luck did not time out for you. Good luck did not time out for you. You are dead. Vanquished creatures: 2 vampire lords a lurker above 3 vampires 5 ghosts 2 giant mimics a large mimic a wumpus 2 long worms 6 stalkers an air elemental 2 giant mummies 2 black nagas a xorn 6 wargs 4 small mimics a xan an ettin mummy 2 quantum mechanics a flaming sphere 2 shocking spheres 2 tigers 2 gargoyles a dwarf king 2 tengu an ochre jelly 3 chameleons a leocrotta 2 giants 4 elf mummies 3 pythons a cobra 5 wraiths 2 ettin zombies 4 soldiers a giant beetle 5 cockatrices 5 wolves 2 winter wolf cubs a panther a gremlin 42 leprechauns 3 quivering blobs 6 lizards 2 orc-captains a mumak 5 giant spiders a scorpion a black light a vampire bat a forest centaur 3 gnome kings 3 dwarf mummies 4 owlbears 4 gold golems a werewolf 2 dogs 3 dingos a housecat a jaguar a dwarf lord 2 blue jellies a water nymph a white unicorn a gray unicorn a dust vortex 2 ravens 2 plains centaurs 2 gnome mummies 3 snakes an ape 5 human zombies a rope golem a Woodland-elf 5 soldier ants 3 fire ants 10 bugbears 6 wood nymphs 8 Mordor orcs 11 Uruk-hai 4 orc shamans 2 rock moles 2 rock piercers 3 ponies 6 fog clouds a yellow light a shrieker 3 violet fungi 17 gnome lords 9 gnomish wizards 3 kobold mummies a red naga hatchling a black naga hatchling 4 gray oozes 2 barrow wights an elf zombie 4 ghouls 3 straw golems 2 paper golems 3 giant ants 8 floating eyes a kitten 25 dwarves a homunculus 3 kobold lords 5 iguanas 12 hill orcs 13 rothes 4 rabid rats 2 centipedes 3 giant bats 8 monkeys 4 orc zombies 5 dwarf zombies 3 wererats a werejackal 2 killer bees 2 coyotes 4 gas spores 3 hobbits 3 large kobolds 11 geckos 17 hobgoblins a giant rat 8 cave spiders 3 yellow molds a red mold 65 gnomes 4 garter snakes 7 manes 6 gnome zombies 21 jackals 7 foxes 3 kobolds 11 newts 9 goblins 7 sewer rats 26 grid bugs 6 lichens 4 kobold zombies 647 creatures vanquished. Voluntary challenges: You had been an atheist until turn 2027. You used a wielded weapon 1156 times, starting on turn 105. You read items or engraved 14 times, starting on turn 4827. You never genocided any monsters. You never polymorphed an object. You never changed form. You completed Sokoban on turn 10997, according to the rules. You used no wishes. You never split a pudding. You wrote Elbereth's name 1 time, starting on turn 5939. You violated your moral code, losing 4 points of alignment, starting on turn 6271. Dungeon overview: The Dungeons of Doom: levels 1 to 21 Level 1 (vault) some fountains a long staircase Level 2 a weapon shop, a sink stairs to The Gnomish Mines Level 3 a potion shop, some fountains Level 4 an altar to Set Level 5 many fountains Level 6 (vault) a fountain stairs to Sokoban Level 7 a fountain Level 8 (vaulkt) Level 9 a fountain Level 10 (vault) an altar to Mitra Level 11 a general store Level 12 (Quest) portal to The Quest Level 13 Level 14 a fountain Level 15 (Rogue) Level 16 (vault) a temple to Set, some fountains Level 17 (vault) a fountain, a sink Level 18 some fountains Level 19 a temple to Set, some fountains Level 20 <- You were here a fountain Level 21 The Gnomish Mines: levels 3 to 11 Level 3 stairs to The Dungeons of Doom Level 4 Level 5 some shops, a temple to Set, a magic chest, some fountains, a sink Level 6 Level 7 Level 8 Level 9 Level 10 Level 11 a magic chest, some fountains The Quest: Level 1 portal to The Dungeons of Doom Sokoban: levels 2 to 5 Level 2 a magic chest Level 3 Level 4 a fountain Level 5 a magic chest stairs to The Dungeons of Doom History has recorded: On T:1 you entered the Dungeons of Doom to retrieve the Amulet of Yendor! On T:36 you reached level 2 of The Dungeons of Doom. On T:430 you reached level 3 of The Dungeons of Doom. On T:458 you advanced to experience level 2. On T:496 you reached level 1 of The Gnomish Mines. On T:997 you advanced to experience level 3. On T:1044 you advanced to experience level 4. On T:1186 you advanced to experience level 5. On T:1209 you reached level 2 of The Gnomish Mines. On T:1526 you reached level 3 of The Gnomish Mines. On T:1758 you advanced to experience level 6. On T:1815 you reached level 4 of The Gnomish Mines. On T:2019 you entered the Minetown temple On T:2159 you opened a magic chest. On T:2160 you opened a magic chest. On T:2519 you opened a magic chest. On T:2742 you advanced to experience level 7. On T:2871 you reached level 6 of The Gnomish Mines. On T:2907 you reached level 7 of The Gnomish Mines. On T:2923 you reached level 5 of The Gnomish Mines. On T:3744 you advanced to experience level 8. On T:4065 you opened a magic chest. On T:4066 you opened a magic chest. On T:4067 you opened a magic chest. On T:4110 you opened a magic chest. On T:4395 you reached level 8 of The Gnomish Mines. On T:4943 you reached level 9 of The Gnomish Mines. On T:4943 you reached the bottom of the Mines. On T:5724 you opened a magic chest. On T:5725 you opened a magic chest. On T:5729 you opened a magic chest. On T:5751 you opened a magic chest. On T:6390 you advanced to experience level 9. On T:6827 you opened a magic chest. On T:7090 you opened a magic chest. On T:7124 you opened a magic chest. On T:7125 you opened a magic chest. On T:7695 you reached level 4 of The Dungeons of Doom. On T:7994 you reached level 5 of The Dungeons of Doom. On T:8278 you reached level 6 of The Dungeons of Doom. On T:8581 you reached level 7 of The Dungeons of Doom. On T:8607 you reached level 4 of Sokoban. On T:8934 you opened a magic chest. On T:8934 you opened a magic chest. On T:9176 you reached level 3 of Sokoban. On T:9720 you reached level 2 of Sokoban. On T:10074 you reached level 1 of Sokoban. On T:10997 you advanced to experience level 10. On T:10997 you entered the Sokoban zoo. On T:11067 you opened a magic chest. On T:11226 you opened a magic chest. On T:11476 you opened a magic chest. On T:11482 you opened a magic chest. On T:11483 you opened a magic chest. On T:11538 you reached level 8 of The Dungeons of Doom. On T:12069 you reached level 9 of The Dungeons of Doom. On T:12197 you reached level 10 of The Dungeons of Doom. On T:13798 you opened a magic chest. On T:13799 you opened a magic chest. On T:13800 you opened a magic chest. On T:14086 you reached level 11 of The Dungeons of Doom. On T:14475 you reached level 12 of The Dungeons of Doom. On T:14622 you reached level 1 of The Quest. On T:14896 you reached level 13 of The Dungeons of Doom. On T:15462 you advanced to experience level 11. On T:15834 you reached level 14 of The Dungeons of Doom. On T:17029 you reached level 15 of The Dungeons of Doom. On T:17708 you advanced to experience level 12. On T:17979 you opened a magic chest. On T:17981 you opened a magic chest. On T:17983 you opened a magic chest. On T:17985 you opened a magic chest. On T:17991 you opened a magic chest. On T:18350 you opened a magic chest. On T:18379 you opened a magic chest. On T:18413 you opened a magic chest. On T:18414 you opened a magic chest. On T:18414 you opened a magic chest. On T:18417 you opened a magic chest. On T:18756 you opened a magic chest. On T:18756 you opened a magic chest. On T:19527 you reached level 16 of The Dungeons of Doom. On T:19575 you reached level 17 of The Dungeons of Doom. On T:20371 you reached level 18 of The Dungeons of Doom. On T:20393 you reached level 19 of The Dungeons of Doom. On T:21148 you reached level 20 of The Dungeons of Doom. On T:21533 you reached level 21 of The Dungeons of Doom. Score breakdown: Gold: 2203 ( 220 points) Experience: 12 levels ( 1100 points) Exploration: 21 levels ( 600 points) Discoveries: 27 items ( 1350 points) Variety of kills: 139 monsters ( 2000 points) Major goal: Sokoban/Mines ( 1500 points) Survival: died (score multiplied by 3) Total score: 20310 Latest messages: You have a little trouble lifting u - a plaid spellbook (unpaid, 150 zorkmids). You have a little trouble lifting h - an uncursed plain spellbook. "For you, good lady; only 1050 for this silver spellbook." You have a little trouble lifting z - a silver spellbook (unpaid, 1050 zorkmids). "For you, esteemed lady; only 150 for this velvet spellbook." You have a little trouble lifting Q - an uncursed velvet spellbook (unpaid, 150 zorkmids). "For you, most gracious lady; only 150 for this velvet spellbook." You have a little trouble lifting E - an uncursed velvet spellbook (unpaid, 150 zorkmids). "For you, most gracious lady; only 399 for this white spellbook." You have a little trouble lifting I - an uncursed white spellbook (unpaid, 399 zorkmids). Your movements are slowed slightly because of your load. You swing your battle-axe in a tremendous arc. You smite the rock troll! You smite the gnomish wizard. You kill the Mordor orc! You kill the bugbear! You smite the rock troll! The rock troll claws you! (2x) You die... Final status: Goodbye woodfighter the Barbarian, killed by a rock troll... You died in The Dungeons of Doom on dungeon level 20 with 20310 points, and 2203 pieces of gold, after 21730 moves. You were level 12 with a maximum of 113 hit points when you died.